 Dungeon Crawl Stone Soup version 0.24-a0-549-g45f0056d81 (webtiles) character file.

Game seed: 11333836952075825906

23623 EnegeticOcto the Nimble (level 13, -3/103 HPs)
             Began as a Gnoll Monk on Aug 19, 2019.
             Was an Elder of Cheibriados.
             Slain by an 11-headed hydra (6 damage)
             ... on level 3 of the Lair of Beasts.
             The game lasted 00:17:00 (17616 turns).

EnegeticOcto the Nimble (Gnoll Monk)               Turns: 17616, Time: 00:17:01

Health: -3/103     AC: 20    Str: 20    XL:     13   Next: 7%
Magic:  24/24      EV: 14    Int: 22    God:    Cheibriados [****..]
Gold:   489        SH:  8    Dex: 31    Spells: 17/27 levels left

rFire    + . .     SeeInvis .   b - +8 falchion "Orienlap" {holy, +Rage Int-4 Dex+4}
rCold    . . .     Gourm    +   v - +0 buckler
rNeg     + . .     Faith    .   r - +2 plate armour {rN+}
rPois    .         Spirit   .   O - +1 hat of Fedhas's Hope {rF+ rCorr Str-5}
rElec    +         Reflect  .   K - +0 cloak of Pophip {rElec Str+2}
rCorr    +         Harm     .   q - +0 pair of gloves
MR       .....                  (no boots)
Stlth    +.........             s - amulet of the gourmand
HPRegen  0.27/turn              j - +1 ring of protection
MPRegen  0.19/turn              z - ring of resist corrosion

@: very slow
A: distributed training, fangs 1, strong nose
a: Bend Time, Temporal Distortion, Slouch, Renounce Religion, Evoke Berserk Rage


You were on level 3 of the Lair of Beasts.
You worshipped Cheibriados.
Cheibriados was greatly pleased with you.
You were completely stuffed.

You visited 2 branches of the dungeon, and saw 13 of its levels.
You also visited: Gauntlet.

You collected 821 gold pieces.
You spent 332 gold pieces at shops.

Inventory:

Hand Weapons
 b - the +8 falchion "Orienlap" (weapon) {holy, +Rage Int-4 Dex+4}
   (You found it on level 10 of the Dungeon)

   It has been blessed by the Shining One to cause great damage to the undead
   and demons.
   It affects your intelligence (-4).
   It affects your dexterity (+4).
   It lets you go berserk.
 g - a +2 war axe of venom
 G - a +0 hand axe of flaming
 N - a +0 spear
Missiles
 C - 3 throwing nets (quivered) {!f}
Armour
 i - a +0 helmet
 q - a +0 pair of gloves (worn)
 r - a +2 plate armour of positive energy (worn)
 v - a +0 buckler (worn)
 K - the +0 cloak of Pophip (worn) {rElec Str+2}
   (You bought it in a shop on level 10 of the Dungeon)

   It affects your strength (+2).
   It insulates you from electricity.
 O - the +1 hat of Fedhas's Hope (worn) {rF+ rCorr Str-5}
   (You found it in a Gauntlet)

   It affects your strength (-5).
   It protects you from fire.
   It provides partial protection from all sources of acid and corrosion.
Magical Staves
 a - an uncursed staff of wizardry
Jewellery
 j - a +1 ring of protection (left hand)
 s - an amulet of the gourmand (around neck)
 x - an uncursed ring of positive energy
 z - a ring of resist corrosion (right hand)
 L - an uncursed ring of flight
Wands
 t - a wand of flame (33)
 y - a wand of acid (11)
 F - a wand of polymorph (3)
Scrolls
 c - 10 scrolls of remove curse {@r2}
 d - a scroll of amnesia
 l - a scroll of fear {!r}
 o - 4 scrolls of teleportation {@r3 !r}
 w - 2 scrolls of fog {!r}
 A - 2 scrolls of noise
 I - a scroll of enchant armour
 R - a scroll of immolation
Potions
 f - 2 potions of heal wounds {@q2 !q}
 k - a potion of cancellation
 m - a potion of agility {@q5 !q}
 n - 2 potions of brilliance
 p - a potion of lignification {unknown}
 u - 3 potions of haste {@q4 !q}
 B - 2 potions of curing {@q1 !q}
 D - 2 potions of flight
 E - a potion of magic {unknown}
 H - a potion of might {@q3 !q}
 P - a potion of invisibility
 Q - 2 potions of ambrosia
Miscellaneous
 h - a lightning rod (inert)
 J - a phial of floods (inert)
Comestibles
 e - 30 rations
 M - 11 chunks of flesh


   Skills:
 + Level 10.2 Fighting
 + Level 7.8 Short Blades
 + Level 7.8 Long Blades
 + Level 7.8 Axes
 + Level 7.8 Maces & Flails
 + Level 10.2 Polearms
 + Level 7.8 Staves
 + Level 7.8 Slings
 + Level 7.8 Bows
 + Level 7.8 Crossbows
 + Level 7.8 Throwing
 + Level 7.8 Armour
 + Level 10.2 Dodging
 + Level 8.9 Stealth
 + Level 7.8 Shields
 + Level 7.8 Unarmed Combat
 + Level 7.8 Spellcasting
 + Level 6.4 Conjurations
 + Level 6.4 Hexes
 + Level 6.4 Charms
 + Level 6.4 Summonings
 + Level 6.4 Necromancy
 + Level 6.4 Translocations
 + Level 6.4 Transmutations
 + Level 6.4 Fire Magic
 + Level 6.4 Ice Magic
 + Level 6.4 Air Magic
 + Level 6.4 Earth Magic
 + Level 6.4 Poison Magic
 + Level 8.5 Invocations
 + Level 7.8 Evocations


You had 17 spell levels left.
You knew the following spells:

 Your Spells              Type           Power        Failure   Level  Hunger
a - Sublimation of Blood  Necr           #####.....   16%         2    None
b - Irradiate             Conj/Tmut      #####.....   96%         5    #####..
T - Regeneration          Chrm/Necr      #####.....   32%         3    None

Your spell library contained the following spells:

 Spells                   Type           Power        Failure   Level  Hunger
 Animate Skeleton         Necr           N/A          11%         1    None
 Corona                   Hex            #####..      11%         1    None
 Freeze                   Ice            ####         11%         1    None
 Pain                     Necr           ####         11%         1    None
 Shock                    Conj/Air       ####         11%         1    None
 Ensorcelled Hibernation  Hex/Ice        #####.       16%         2    None
 Swiftness                Chrm/Air       #####...     16%         2    None
 Throw Frost              Conj/Ice       #####.       16%         2    None
 Confuse                  Hex            #####...     32%         3    None
 Dazzling Spray           Conj/Hex       #####.       32%         3    None
 Ignite Poison            Fire/Tmut/Pois #####...     32%         3    None
 Ozocubu's Armour         Chrm/Ice       #####...     32%         3    None
 Static Discharge         Conj/Air       #####...     32%         3    None
 Tukima's Dance           Hex            #####...     32%         3    None
 Vampiric Draining        Necr           #####.....   32%         3    None
 Airstrike                Air            #####.....   71%         4    ###....
 Animate Dead             Necr           N/A          71%         4    ###....
 Petrify                  Tmut/Erth      #####...     71%         4    ###....
 Summon Ice Beast         Ice/Summ       #####...     71%         4    ###....
 Throw Icicle             Conj/Ice       #####...     71%         4    ###....
 Alistair's Intoxication  Tmut/Pois      #####...     96%         5    #####..
 Lightning Bolt           Conj/Air       #####.....   96%         5    #####..


Dungeon Overview and Level Annotations

Branches:
Dungeon (10/15)            Temple (0/1) D:7            Lair (3/6) D:9
 Shoals (0/4) Lair:3       Spider (0/4) Lair:2
    Orc: D:9-12

Altars:
Cheibriados
Dithmenos
Elyvilon
Okawaru
Vehumet
Yredelemnul

Shops:
D:9 (   D:10 [%%

Annotations:
Lair:2 exclusion: oklob plant


Innate Abilities, Weirdness & Mutations

Your experience applies equally to all skills.
You have very sharp teeth.
Your uncanny sense of smell can sniff out nearby items.


Message History

The six-headed hydra bites you but does no damage.
The six-headed hydra bites you!
The six-headed hydra bites you but does no damage. x2
You block the six-headed hydra's attack.
The six-headed hydra bites you!
Evoke which item? (* to show all) (? for menu, Esc to quit)
Aiming: Thunderbolt
Press: ? - help, Shift-Dir - straight line, f/p - six-headed hydra
Aim: a six-headed hydra (moderately wounded)
The thunderbolt hits the six-headed hydra!!
The six-headed hydra is heavily wounded.
The six-headed hydra misses you.
You block the six-headed hydra's attack.
The six-headed hydra bites you but does no damage.
The six-headed hydra closely misses you.
The six-headed hydra bites you. The six-headed hydra misses you.
Evoke which item? (* to show all) (? for menu, Esc to quit)
Aiming: Thunderbolt
Press: ? - help, Shift-Dir - straight line, f/p - six-headed hydra
Aim: a six-headed hydra (heavily wounded)
The thunderbolt hits the six-headed hydra!!
The six-headed hydra is almost dead.
The lightning rod overheats!
You block the six-headed hydra's attack.
The six-headed hydra closely misses you.
The six-headed hydra bites you but does no damage.
The six-headed hydra completely misses you.
The six-headed hydra bites you but does no damage.
You block the six-headed hydra's attack.
Evoke which item? (* to show all) (? for menu, Esc to quit)
That is presently inert.
You slice one of the six-headed hydra's heads off!
The five-headed hydra grows two more!
You slash the seven-headed hydra!
The seven-headed hydra is almost dead.
The seven-headed hydra bites you but does no damage.
You block the seven-headed hydra's attack.
The seven-headed hydra bites you! The seven-headed hydra bites you.
The seven-headed hydra closely misses you.
You block the seven-headed hydra's attack.
The seven-headed hydra bites you but does no damage.
You hack one of the seven-headed hydra's heads off!
The six-headed hydra grows two more!
You slash the eight-headed hydra! You bite the eight-headed hydra.
The eight-headed hydra is almost dead.
The eight-headed hydra bites you but does no damage.
The eight-headed hydra bites you!
The eight-headed hydra barely misses you.
You block the eight-headed hydra's attack. x2
The eight-headed hydra bites you but does no damage.
The eight-headed hydra bites you! The eight-headed hydra misses you.
You are too injured to fight recklessly!
You are too injured to fight recklessly!
You are too injured to fight recklessly!
You are too injured to fight recklessly!
You are too injured to fight recklessly!
You are too injured to fight recklessly!
You lop one of the eight-headed hydra's heads off!
The seven-headed hydra grows two more!
You slash the nine-headed hydra!
The nine-headed hydra is severely wounded.
The nine-headed hydra bites you but does no damage.
The nine-headed hydra barely misses you. x2
The nine-headed hydra bites you!
The nine-headed hydra completely misses you.
You block the nine-headed hydra's attack.
The nine-headed hydra bites you!
The nine-headed hydra completely misses you.
The nine-headed hydra bites you but does no damage.
You hack one of the nine-headed hydra's heads off!
The eight-headed hydra grows two more!
You slash the ten-headed hydra! You bite the ten-headed hydra.
The ten-headed hydra is severely wounded.
The ten-headed hydra bites you but does no damage. x3
The ten-headed hydra closely misses you.
You block the ten-headed hydra's attack.
The ten-headed hydra bites you but does no damage.
The ten-headed hydra barely misses you. The ten-headed hydra bites you!
* * * LOW HITPOINT WARNING * * *
The ten-headed hydra bites you.
* * * LOW HITPOINT WARNING * * *
The ten-headed hydra bites you but does no damage.
You hit the ten-headed hydra.
The ten-headed hydra is severely wounded.
The ten-headed hydra closely misses you. x2
You block the ten-headed hydra's attack.
The ten-headed hydra closely misses you.
The ten-headed hydra bites you but does no damage.
The ten-headed hydra misses you. The ten-headed hydra bites you!
* * * LOW HITPOINT WARNING * * *
The ten-headed hydra bites you.
* * * LOW HITPOINT WARNING * * *
The ten-headed hydra bites you!
* * * LOW HITPOINT WARNING * * *
The ten-headed hydra bites you.
* * * LOW HITPOINT WARNING * * *
You lop one of the ten-headed hydra's heads off!
The nine-headed hydra grows two more!
You hit the 11-headed hydra.
The 11-headed hydra is severely wounded.
You block the 11-headed hydra's attack. The 11-headed hydra misses you.
The 11-headed hydra bites you.
You die...

....P# #.. ....##
#... ##. ....#
.... #. ....###
..... ## ....#.#
..... # .....##
...... # รท....##
#...... # ......##
#####Dh..... โˆ† #
......P#### #...@#
#
.........P###...##
โˆ†
...####...#....##
...# #.......##
...# #.#.....##
โˆ† ...#
######.#.# ....#
#..## ....# #..P#
....# #...#


You could see a 11-headed hydra and a wolf.

Vanquished Creatures
  A minotaur (Gauntlet)
  Harold (D:7)
  A hydra (D:9)
  A two-headed ogre (D:9)
  A deep troll (D:10)
  A flayed ghost (D:10)
  A phantasmal warrior (D:10)
  An orb spider (Lair:2)
  A deep elf mage (D:10)
  A moth of wrath (Gauntlet)
  7 spiny frogs
  2 black mambas (Lair:1)
  Psyche (D:10)
  A minotaur zombie (Gauntlet)
  2 komodo dragons
  4 hornets
  2 trolls
  Prince Ribbit (D:6)
  4 hippogriffs
  8 blink frogs
  2 dream sheep (D:9)
  2 redbacks (Gauntlet)
  2 wyverns
  21 yaks
  2 hungry ghosts
  2 water moccasins
  8 porcupines
  5 orc warriors
  A black bear (D:7)
  3 ice beasts
  2 sky beasts
  4 wolves (Lair:3)
  2 necrophages
  3 centaurs
  4 crocodiles
  4 ogres
  9 bullfrogs
  4 big kobolds
  A wyvern zombie (D:7)
  3 scorpions
  10 killer bees
  5 howler monkeys
  6 crimson imps
  2 jellies
  A quasit (D:7)
  A bullfrog zombie (D:6)
  3 orc priests
  2 hounds (D:6)
  6 orc wizards
  Crazy Yiuf (D:7)
  4 iguanas
  4 worker ants
  Natasha (twice) (D:3)
  2 hound skeletons
  A mummy (D:7)
  Robin (D:3)
  13 adders
  14 gnolls
  4 shadow imps
  2 adder skeletons
  3 worms
  3 dart slugs
  6 leopard geckos
  31 orcs
  10 bats
  8 giant cockroaches
  16 goblins
  21 hobgoblins
  12 jackals
  2 quokkas
  A ball python (D:2)
  6 frilled lizards
  A goblin zombie (D:7)
  11 kobolds
  A kobold zombie (D:7)
  A leopard gecko skeleton (D:6)
  A leopard gecko zombie (D:6)
  2 quokka skeletons
  8 rats
354 creatures vanquished.

Vanquished Creatures (collateral kills)
  A chaos spawn (Gauntlet)
  A neqoxec (Gauntlet)
2 creatures vanquished.

Vanquished Creatures (others)
  A bush (Lair:1)
  2 fungi
  3 plants
6 creatures vanquished.

Grand Total: 362 creatures vanquished

Notes
Turn   | Place    | Note
-------+----------+-------------------------------------------
     0 | D:1      | EnegeticOcto the Gnoll Monk began the quest for the Orb.
     0 | D:1      | Reached XP level 1. HP: 23/23 MP: 1/1
   121 | D:1      | Reached XP level 2. HP: 29/29 MP: 2/2
   683 | D:1      | Reached XP level 3. HP: 30/35 MP: 3/3
  1253 | D:2      | Reached skill level 1 in Invocations
  1288 | D:2      | Reached skill level 1 in Short Blades
  1288 | D:2      | Reached skill level 1 in Long Blades
  1288 | D:2      | Reached skill level 1 in Axes
  1288 | D:2      | Reached skill level 1 in Maces & Flails
  1288 | D:2      | Reached skill level 1 in Staves
  1288 | D:2      | Reached skill level 1 in Slings
  1288 | D:2      | Reached skill level 1 in Bows
  1288 | D:2      | Reached skill level 1 in Crossbows
  1288 | D:2      | Reached skill level 1 in Throwing
  1288 | D:2      | Reached skill level 1 in Armour
  1288 | D:2      | Reached skill level 1 in Shields
  1288 | D:2      | Reached skill level 1 in Unarmed Combat
  1288 | D:2      | Reached skill level 1 in Spellcasting
  1288 | D:2      | Reached skill level 1 in Evocations
  1288 | D:2      | Reached XP level 4. HP: 39/41 MP: 5/5
  1625 | D:2      | Reached skill level 1 in Conjurations
  1625 | D:2      | Reached skill level 1 in Hexes
  1625 | D:2      | Reached skill level 1 in Charms
  1625 | D:2      | Reached skill level 1 in Summonings
  1625 | D:2      | Reached skill level 1 in Necromancy
  1625 | D:2      | Reached skill level 1 in Translocations
  1625 | D:2      | Reached skill level 1 in Transmutations
  1625 | D:2      | Reached skill level 1 in Fire Magic
  1625 | D:2      | Reached skill level 1 in Ice Magic
  1625 | D:2      | Reached skill level 1 in Air Magic
  1625 | D:2      | Reached skill level 1 in Earth Magic
  1625 | D:2      | Reached skill level 1 in Poison Magic
  2094 | D:3      | Reached XP level 5. HP: 47/47 MP: 6/6
  2102 | D:3      | Noticed Robin
  2579 | D:3      | Killed Robin
  2618 | D:3      | Reached XP level 6. HP: 16/53 MP: 4/8
  3082 | D:3      | Noticed Natasha
  3128 | D:3      | Killed Natasha
  3338 | D:3      | Noticed Natasha
  3359 | D:3      | Killed Natasha
  4138 | D:5      | Entered Level 5 of the Dungeon
  4198 | D:5      | Noticed an ice beast
  4220 | D:5      | Killed an ice beast
  4220 | D:5      | Reached XP level 7. HP: 5/59 MP: 0/10
  4562 | D:5      | Found an iron altar of Okawaru.
  5305 | D:5      | Found a radiant altar of Vehumet.
  5307 | D:5      | Found a shadowy altar of Dithmenos.
  5308 | D:5      | Found a snail-covered altar of Cheibriados.
  5320 | D:5      | Became a worshipper of Cheibriados the Contemplative
  5320 | D:5      | Reached * piety under Cheibriados
  5320 | D:5      | Reached ** piety under Cheibriados
  5584 | D:6      | Reached skill level 5 in Stealth
  5659 | D:6      | Found a basalt altar of Yredelemnul.
  5697 | D:6      | Reached XP level 8. HP: 43/67 MP: 7/12
  6118 | D:6      | Found a white marble altar of Elyvilon.
  6138 | D:6      | Noticed Prince Ribbit
  6141 | D:6      | Reached *** piety under Cheibriados
  6149 | D:6      | Killed Prince Ribbit
  6635 | D:7      | Found a sand-covered staircase.
  6682 | D:7      | Noticed a wyvern
  6687 | D:7      | Killed a wyvern
  6932 | D:7      | Reached XP level 9. HP: 68/72 MP: 12/14
  7114 | D:7      | Found a runed translucent door.
  7115 | D:7      | Noticed Crazy Yiuf
  7283 | D:7      | Reached **** piety under Cheibriados
  7406 | D:7      | Found a staircase to the Ecumenical Temple.
  7517 | D:7      | Noticed Harold
  7530 | D:7      | Killed Harold
  7530 | D:7      | Reached skill level 5 in Invocations
  7894 | D:7      | Killed Crazy Yiuf
  7978 | D:8      | Reached XP level 10. HP: 71/80 MP: 13/17
  8167 | D:8      | Reached skill level 5 in Short Blades
  8167 | D:8      | Reached skill level 5 in Long Blades
  8167 | D:8      | Reached skill level 5 in Axes
  8167 | D:8      | Reached skill level 5 in Maces & Flails
  8167 | D:8      | Reached skill level 5 in Staves
  8167 | D:8      | Reached skill level 5 in Slings
  8167 | D:8      | Reached skill level 5 in Bows
  8167 | D:8      | Reached skill level 5 in Crossbows
  8167 | D:8      | Reached skill level 5 in Throwing
  8167 | D:8      | Reached skill level 5 in Armour
  8167 | D:8      | Reached skill level 5 in Shields
  8167 | D:8      | Reached skill level 5 in Unarmed Combat
  8167 | D:8      | Reached skill level 5 in Spellcasting
  8167 | D:8      | Reached skill level 5 in Evocations
  8624 | D:9      | Found a staircase to the Lair.
  8998 | D:9      | Reached ***** piety under Cheibriados
  9084 | D:9      | Noticed a two-headed ogre
  9093 | D:9      | Killed a two-headed ogre
  9721 | D:9      | Reached XP level 11. HP: 74/87 MP: 16/19
  9807 | D:9      | Found Desuexze's Weapon Boutique.
  9890 | D:9      | Noticed a two-headed hydra
  9894 | D:9      | Killed a one-headed hydra
 10244 | D:10     | Entered Level 10 of the Dungeon
 10249 | D:10     | Reached skill level 5 in Conjurations
 10249 | D:10     | Reached skill level 5 in Hexes
 10249 | D:10     | Reached skill level 5 in Charms
 10249 | D:10     | Reached skill level 5 in Summonings
 10249 | D:10     | Reached skill level 5 in Necromancy
 10249 | D:10     | Reached skill level 5 in Translocations
 10249 | D:10     | Reached skill level 5 in Transmutations
 10249 | D:10     | Reached skill level 5 in Fire Magic
 10249 | D:10     | Reached skill level 5 in Ice Magic
 10249 | D:10     | Reached skill level 5 in Air Magic
 10249 | D:10     | Reached skill level 5 in Earth Magic
 10249 | D:10     | Reached skill level 5 in Poison Magic
 10371 | D:10     | Found Ilevequd's Antique Armour Shoppe.
 10382 | D:10     | Got an encrusted falchion
 10394 | D:10     | Bought an encrusted cloak for 332 gold pieces
 10404 | D:10     | Identified the +0 cloak of Pophip {rElec Str+2} (You bought
                  | it in a shop on level 10 of the Dungeon)
 10408 | D:10     | Identified the +8 falchion "Orienlap" {holy, +Rage Int-4
                  | Dex+4} (You found it on level 10 of the Dungeon)
 10879 | D:10     | Found a runed translucent door.
 10879 | D:10     | Noticed a deep elf mage
 10880 | D:10     | Noticed a flayed ghost
 10893 | D:10     | Killed a deep elf mage
 10924 | D:10     | Killed a flayed ghost
 11124 | D:10     | Noticed a deep troll
 11125 | D:10     | Noticed a phantasmal warrior
 11132 | D:10     | Killed a deep troll
 11133 | D:10     | Killed a phantasmal warrior
 11442 | D:10     | Noticed Psyche
 11443 | D:10     | Killed Psyche
 11610 | D:10     | Found Xeru Vuwki's Food Shop.
 11761 | D:10     | Found Teptajar's Food Emporium.
 11972 | Lair:1   | Entered Level 1 of the Lair of Beasts
 12033 | Lair:1   | Reached XP level 12. HP: 77/96 MP: 22/22
 12049 | Lair:1   | Found a gate leading to a gauntlet.
 12056 | Gauntlet | Entered a Gauntlet
 12056 | Gauntlet | Found a large runed translucent door.
 12056 | Gauntlet | Found a large runed translucent door.
 12056 | Gauntlet | Found a large runed translucent door.
 12056 | Gauntlet | Found a large runed translucent door.
 12056 | Gauntlet | Found a large runed translucent door.
 12056 | Gauntlet | Found a transporter.
 12056 | Gauntlet | Found a large runed translucent door.
 12056 | Gauntlet | Found a large runed translucent door.
 12056 | Gauntlet | Found a large runed translucent door.
 12056 | Gauntlet | Found a runed translucent door.
 12056 | Gauntlet | Found a runed translucent gate.
 12056 | Gauntlet | Found a runed translucent gate.
 12056 | Gauntlet | Found a transporter.
 12056 | Gauntlet | Found a transporter.
 12091 | Gauntlet | Found a transporter.
 12092 | Gauntlet | Found a transporter.
 12095 | Gauntlet | Found a transporter.
 12102 | Gauntlet | Found a transporter.
 12104 | Gauntlet | Found a transporter.
 12105 | Gauntlet | Found the +0 Maxwell's etheric cage {RegenMP+ *Contam rElec
                  | MP+4}
 12106 | Gauntlet | Found a transporter.
 12106 | Gauntlet | Found a transporter.
 12109 | Gauntlet | Noticed a cacodemon
 12115 | Gauntlet | Found a transporter.
 12118 | Gauntlet | Found a transporter.
 12123 | Gauntlet | Found a runed translucent door.
 12173 | Gauntlet | Found a runed translucent door.
 12173 | Gauntlet | Found a runed translucent gate.
 12176 | Gauntlet | Found a large runed translucent door.
 12176 | Gauntlet | Found a large runed translucent door.
 12176 | Gauntlet | Found a large runed translucent door.
 12176 | Gauntlet | Found a large runed translucent door.
 12177 | Gauntlet | Found a large runed translucent door.
 12177 | Gauntlet | Found a large runed translucent door.
 12178 | Gauntlet | Found a large runed translucent door.
 12178 | Gauntlet | Found a large runed translucent door.
 12559 | Gauntlet | Got a jewelled hat
 12570 | Gauntlet | Identified the +1 hat of Fedhas's Hope {rF+ rCorr Str-5}
                  | (You found it in a Gauntlet)
 12585 | Gauntlet | Noticed a minotaur
 12619 | Gauntlet | Killed a minotaur
 15454 | Lair:2   | Found a hole to the Spider Nest.
 15859 | Lair:2   | Reached skill level 10 in Fighting
 15859 | Lair:2   | Reached skill level 10 in Polearms
 15859 | Lair:2   | Reached skill level 10 in Dodging
 16309 | Lair:3   | Found a staircase to the Shoals.
 17300 | Lair:3   | Reached XP level 13. HP: 98/103 MP: 24/24
 17324 | Lair:3   | Learned a level 2 spell: Sublimation of Blood
 17328 | Lair:3   | Learned a level 3 spell: Regeneration
 17334 | Lair:3   | Learned a level 5 spell: Irradiate
 17615 | Lair:3   | HP: 4/103 [ten-headed hydra (8)]
 17616 | Lair:3   | Slain by an 11-headed hydra

Levels and vault maps discovered:
D:1:      ncdulo_watergridlock, layout_basic, minmay_misc_feat_square,
          st_stairs_13
D:2:      layout_basic
D:3:      layout_loops_cross, uniq_robin, uniq_natasha
D:4:      layout_basic, first_ration
D:5:      layout_basic, minitemple, okawaru_gym_becter, minmay_holes
D:6:      layout_basic, kennysheep_cluttered_room, hangedman_feature_mirror,
          uniq_prince_ribbit1
D:7:      layout_loops_ring, minmay_temple_entry_wispy,
          nicolae_ossuary_entry_giza, uniq_crazy_yiuf_cottage, uniq_harold
D:8:      layout_rooms
D:9:      layout_long_grid, david_lair_shrubbed, serial_shops, kennysheep_mini,
          hangedman_ranch [blue_anna_fruit_fields], st_stairs_13
D:10:     layout_roguey, serial_shops, shop, shop, nicolae_shop_statue_plus,
          minivault_13, uniq_psyche
Lair:1:   layout_chaotic_city, gauntlet_entry_generic, grunt_megastairs_4,
          lemuel_fruit_fields
Lair:2:   layout_gridlike, nicolae_spider_entry_orb_guardian,
          minmay_lair_oklob_chamber, lemuel_fruit_fields
Lair:3:   layout_cave_pods, elwin_shoals_entry_rocks

Skill      XL: |  1  2  3  4  5  6  7  8  9 10 11 12 |
---------------+-------------------------------------+-----
Invocations    | 1 2 3 4 5 6 7 8 |  8.5
Short Blades   | 1 2 3 4 5 6 7 |  7.8
Long Blades    | 1 2 3 4 5 6 7 |  7.8
Axes           | 1 2 3 4 5 6 7 |  7.8
Maces & Flails | 1 2 3 4 5 6 7 |  7.8
Staves         | 1 2 3 4 5 6 7 |  7.8
Slings         | 1 2 3 4 5 6 7 |  7.8
Bows           | 1 2 3 4 5 6 7 |  7.8
Crossbows      | 1 2 3 4 5 6 7 |  7.8
Throwing       | 1 2 3 4 5 6 7 |  7.8
Armour         | 1 2 3 4 5 6 7 |  7.8
Shields        | 1 2 3 4 5 6 7 |  7.8
Unarmed Combat | 1 2 3 4 5 6 7 |  7.8
Spellcasting   | 1 2 3 4 5 6 7 |  7.8
Evocations     | 1 2 3 4 5 6 7 |  7.8
Conjurations   | 1 2 3 4 5 6 |  6.4
Hexes          | 1 2 3 4 5 6 |  6.4
Charms         | 1 2 3 4 5 6 |  6.4
Summonings     | 1 2 3 4 5 6 |  6.4
Necromancy     | 1 2 3 4 5 6 |  6.4
Translocations | 1 2 3 4 5 6 |  6.4
Transmutations | 1 2 3 4 5 6 |  6.4
Fire Magic     | 1 2 3 4 5 6 |  6.4
Ice Magic      | 1 2 3 4 5 6 |  6.4
Air Magic      | 1 2 3 4 5 6 |  6.4
Earth Magic    | 1 2 3 4 5 6 |  6.4
Poison Magic   | 1 2 3 4 5 6 |  6.4
Fighting       | 7 8 9 10 | 10.2
Polearms       | 7 8 9 10 | 10.2
Dodging        | 7 8 9 10 | 10.2
Stealth        | 5 6 7 8 |  8.9

Action                   |  1- 3 |  4- 6 |  7- 9 | 10-12 | 13-15 || total
-------------------------+-------+-------+-------+-------+-------++-------
Melee: Spear             |    67 |       |    49 |       |       ||   116
       Bite              |    10 |    50 |    56 |   144 |    15 ||   275
       Dagger            |    60 |   369 |    43 |       |       ||   472
       Punch             |       |     1 |       |       |       ||     1
       War axe           |       |       |   207 |   132 |       ||   339
       Falchion          |       |       |       |   369 |    66 ||   435
       Hand axe          |       |       |       |    18 |       ||    18
Invok: Slouch            |       |       |       |     9 |       ||     9
       Temporal Distorti |       |       |       |     2 |       ||     2
Evoke: Wand              |       |     2 |     3 |     7 |       ||    12
       Lightning rod     |       |       |       |     4 |     3 ||     7
       Phial of floods   |       |       |       |     1 |       ||     1
  Use: Potion            |       |     4 |       |     6 |       ||    10
       Scroll            |       |     5 |     4 |    10 |       ||    19
 Stab: Sleeping          |     6 |     9 |     4 |     2 |       ||    21
       Distracted        |       |     1 |       |       |       ||     1
       Invisible         |       |       |       |     3 |       ||     3
  Eat: Chunk             |     1 |    21 |    17 |    24 |       ||    63
Armor: Robe              |     7 |     9 |       |       |       ||    16
       Scale mail        |       |    73 |    89 |     6 |       ||   168
       Chain mail        |       |       |       |    69 |       ||    69
       Plate armour      |       |       |       |   116 |    52 ||   168
Dodge: Dodged            |    60 |   163 |   214 |   405 |    42 ||   884
Block: Buckler           |       |     4 |    77 |   235 |    37 ||   353
       Rpst.: Falchion   |       |       |       |    83 |     5 ||    88

Table legend:
 A = Non-vault XP
 B = Vault XP
 C = Vault XP percentage of total XP
 D = Non-vault monster count
 E = Vault monster count
 F = Vault count percentage of total count
                 A         B        C        D         E       F
            +---------+---------+-------+---------+---------+-------
      Total |   21630 |   12118 |  35.9 |     306 |      50 |  14.0
            +---------+---------+-------+---------+---------+-------
        D:1 |      36 |       4 |  10.0 |      19 |       2 |   9.5
        D:2 |     119 |       0 |   0.0 |      33 |       0 |   0.0
        D:3 |     188 |      69 |  26.8 |      34 |      12 |  26.1
        D:4 |      84 |       0 |   0.0 |       7 |       0 |   0.0
        D:5 |     318 |       0 |   0.0 |      10 |       0 |   0.0
        D:6 |     643 |     387 |  37.6 |      31 |       2 |   6.1
        D:7 |    1638 |    1032 |  38.7 |      37 |       5 |  11.9
        D:8 |    1787 |       0 |   0.0 |      28 |       0 |   0.0
        D:9 |    2573 |    2533 |  49.6 |      29 |       9 |  23.7
       D:10 |    2401 |    3485 |  59.2 |      23 |       8 |  25.8
     Lair:1 |    5604 |     588 |   9.5 |      22 |       2 |   8.3
     Lair:2 |    2073 |     613 |  22.8 |      10 |       1 |   9.1
     Lair:3 |    4166 |       0 |   0.0 |      23 |       0 |   0.0
   Gauntlet |       0 |    3407 | 100.0 |       0 |       9 | 100.0
            +---------+---------+-------+---------+---------+-------
